 Dungeon Crawl Stone Soup version 0.21-a0-265-gb353147 (webtiles) character file.

870 Espgualade the Ducker (level 8, -8/73 HPs)
             Began as a Tengu Ice Elementalist on Sept 10, 2017.
             Killed from afar by Dowan (16 damage)
             ... with a stone arrow
             ... on level 5 of the Dungeon.
             The game lasted 00:15:25 (5234 turns).

Espgualade the Ducker (Tengu Ice Elementalist)      Turns: 5234, Time: 00:15:25

Health: -8/73      AC: 24    Str: 15    XL:     8   Next: 3%
Magic:  9/12       EV:  2    Int: 17    God:
Gold:   256        SH:  0    Dex: 19    Spells: 1/11 levels left

rFire    + . .     SeeInvis .   e - +1 mace
rCold    + + .     Gourm    .   (no shield)
rNeg     + + +     Faith    .   (armour currently unavailable)
rPois    +         Spirit   .   (helmet currently unavailable)
rElec    +         Reflect  .   (cloak currently unavailable)
rCorr    +         Harm     .   (gloves currently unavailable)
MR       .....     NoTele   +   (boots unavailable)
Stlth    ++........             (no amulet)
HPRegen  0.22/turn              d - ring of protection from cold
MPRegen  0.13/turn              (no ring)

@: mighty, agile, tree-form, resistant, berserk cooldown, slowed, glowing, very
slow
A: wild magic 1, able to fly 1
a: Fly


You were on level 5 of the Dungeon.
You were not hungry.
You were a tree.
You visited 1 branch of the dungeon, and saw 5 of its levels.

You collected 256 gold pieces.

Inventory:

Hand Weapons
 e - a +1 mace (weapon)
Armour
 a - a +0 robe (melded)
 q - a +1 pair of gloves (melded)
Jewellery
 d - a ring of protection from cold (left branch)
Wands
 h - a wand of lightning (15/15)
Potions
 i - a potion of might
 m - a potion of invisibility
 n - a potion of curing {unknown}
 s - a potion of flight
 t - a potion of magic
Books
 b - a book of Frost

   Spells                             Type                      Level
   a - Freeze                         Ice                          1
   b - Throw Frost                    Conjuration/Ice              2
   c - Ozocubu's Armour               Charms/Ice                   3
   d - Throw Icicle                   Conjuration/Ice              4
   e - Summon Ice Beast               Ice/Summoning                4
Comestibles
 c - 3 bread rations
 f - 5 meat rations
 j - 4 royal jellies
 u - 8 fruits


   Skills:
 - Level 5.0 Fighting
 + Level 5.9 Dodging
 + Level 5.7 Stealth
 - Level 2.0 Spellcasting
 - Level 1.3 Conjurations
 - Level 2.6 Ice Magic


You had one spell level left.
You knew the following spells:

 Your Spells              Type           Power        Failure   Level  Hunger
a - Freeze                Ice            ##..         10%         1    #......
b - Throw Frost           Conj/Ice       ##....       19%         2    ###....
c - Ozocubu's Armour      Chrm/Ice       #.......     41%         3    ###....
d - Throw Icicle          Conj/Ice       ##......     71%         4    #####..


Dungeon Overview and Level Annotations

Branches:
Dungeon (5/15)
 Temple: D:4-7

Altars:
Ashenzari
Kikubaaqudgha
Xom

Annotations:
D:5 Dowan, Pikel, Sigmund


Innate Abilities, Weirdness & Mutations

((You have a beak for a mouth.))
((You have claws for feet.))
You can fly.
((You have a pair of small horns on your head.))
((You are partially covered in thin metallic scales. (AC +2)))
Your spells are a little harder to cast, but a little more powerful.


Message History

Dowan hits you but does no damage.
The orc priest hits you but does no damage.
The gnoll hits you but does no damage. x2
You hit Dowan.
Dowan is lightly wounded.
Dowan hits you but does no damage. The gnoll hits you but does no damage.
Dowan hits you but does no damage. The gnoll hits you but does no damage.
The orc priest hits you but does no damage.
The gnoll hits you but does no damage. Dowan hits you but does no damage.
The gnoll hits you but does no damage.
The orc priest hits you but does no damage.
The orc wizard casts a spell.
The orc wizard blinks!
A sky beast appears from thin air!
Reactivating autopickup.
You closely miss Dowan.
Dowan is lightly wounded.
Dowan hits you but does no damage. The gnoll hits you but does no damage.
Dowan casts a spell at you. The stone arrow hits you!
You die...

#..# #..# ##
#########..#
<###..........#
#.....######..##
..# #.# ##.## .#
#.# ##.pg##
.####.####.pKgo####
...........poogg♣)#
.####.####..Y{p##e#
.##.#.# ##..o###o#
.#....# ##.## #.#
<.....######.####.#
.............##...#
..........#####.###
.#...####.# #.h...#
.##.## #.###.###.#


You could see Pikel, a sky beast, 4 slaves, Dowan, an orc priest, 4 gnolls and 4
orcs.

Vanquished Creatures
  Duvessa (D:5)
  A black bear (D:4)
  A centaur (D:5)
  Blork the orc (D:5)
  2 hounds (D:5)
  2 orc wizards
  A gnoll shaman (D:5)
  Ijyb (D:5)
  2 iguanas
  3 worker ants (D:4)
  A hound skeleton (D:4)
  7 adders
  2 oozes (D:1)
  An adder skeleton (D:4)
  4 worms (D:3)
  A dart slug (D:1)
  6 leopard geckos
  9 orcs
  7 ball pythons
  6 giant cockroaches
  8 goblins
  7 hobgoblins
  16 jackals
  4 quokkas
  12 bats
  7 frilled lizards
  4 kobolds
  A leopard gecko skeleton (D:4)
  6 rats
124 creatures vanquished.

Notes
Turn   | Place    | Note
-------+----------+-------------------------------------------
     0 | D:1      | Espgualade the Tengu Ice Elementalist began the quest for the Orb.
     0 | D:1      | Reached XP level 1. HP: 10/10 MP: 4/4
    99 | D:1      | Reached skill level 1 in Fighting
   114 | D:1      | Reached XP level 2. HP: 16/16 MP: 6/6
   499 | D:1      | Reached XP level 3. HP: 18/22 MP: 7/7
  1069 | D:1      | Learned a level 2 spell: Throw Frost
  1073 | D:1      | Learned a level 3 spell: Ozocubu's Armour
  1348 | D:2      | Reached XP level 4. HP: 21/28 MP: 8/8
  1596 | D:2      | Found an ancient bone altar of Kikubaaqudgha.
  1597 | D:2      | Found a shimmering altar of Xom.
  2502 | D:3      | Gained mutation: You can fly. [Tengu growth]
  2502 | D:3      | Reached XP level 5. HP: 26/34 MP: 7/9
  3071 | D:3      | Reached skill level 5 in Fighting
  3675 | D:4      | Noticed a black bear
  3732 | D:4      | Reached XP level 6. HP: 36/40 MP: 10/10
  4074 | D:4      | Found a shattered altar of Ashenzari.
  5008 | D:4      | Killed a black bear
  5008 | D:4      | Reached XP level 7. HP: 42/44 MP: 8/11
  5063 | D:4      | Learned a level 4 spell: Throw Icicle
  5064 | D:5      | Entered Level 5 of the Dungeon
  5191 | D:5      | Noticed Blork the orc
  5192 | D:5      | Noticed Ijyb
  5194 | D:5      | Gained mutation: You are partially covered in thin metallic scales. (AC +2) [potion of mutation]
  5194 | D:5      | Gained mutation: You have a pair of small horns on your head. [potion of mutation]
  5194 | D:5      | Gained mutation: Your spells are a little harder to cast, but a little more powerful. [potion of mutation]
  5196 | D:5      | Noticed Dowan
  5201 | D:5      | Noticed Sigmund
  5202 | D:5      | Noticed Duvessa
  5206 | D:5      | Killed Blork the orc
  5210 | D:5      | Reached skill level 5 in Dodging
  5210 | D:5      | Reached skill level 5 in Stealth
  5218 | D:5      | Killed Ijyb
  5220 | D:5      | Noticed Pikel
  5231 | D:5      | Killed Duvessa
  5231 | D:5      | Reached XP level 8. HP: 10/49 MP: 8/12
  5234 | D:5      | Killed from afar by Dowan

Vault maps used:
D:1:      denvon_arrival_planthouse
D:2:      gammafunk_temple_overflow_pools, first_bread, serial_bayou_pond_e,
          minmay_shallow_snake_nest
D:4:      black_bear_nest_1, kennysheep_mini, minmay_checkerbox
D:5:      minmay_temple_entry_poolview, uniq_pikel, uniq_sigmund,
          uniq_blork_the_orc, uniq_duvessa, uniq_ijyb

Skill      XL: |  1  2  3  4  5  6  7 |
---------------+----------------------+-----
Fighting       | 1 2 3 4 5 |  5.0
Dodging        | 4 5 |  5.9
Stealth        | 4 5 |  5.7
Spellcasting   | |  2.0
Conjurations   | |  1.3
Ice Magic      | |  2.6

Action                   |  1- 3 |  4- 6 |  7- 9 || total
-------------------------+-------+-------+-------++-------
Melee: Unarmed           |    11 |       |       ||    11
       Kick              |    20 |    36 |     5 ||    61
       Mace              |    77 |   157 |    39 ||   273
       Peck              |     7 |    19 |       ||    26
 Cast: Freeze            |    14 |    26 |     9 ||    49
       Throw Frost       |       |    19 |     2 ||    21
       Ozocubu's Armour  |       |     4 |       ||     4
  Use: Scroll            |     4 |     8 |     1 ||    13
       Potion            |       |     4 |     9 ||    13
 Stab: Sleeping          |     8 |     7 |       ||    15
  Eat: Chunk             |     2 |     8 |       ||    10
       Bread ration      |       |     2 |       ||     2
Armor: Robe              |    33 |    40 |     1 ||    74
       Skin              |       |       |   126 ||   126
Dodge: Dodged            |    80 |   118 |    18 ||   216

Table legend:
 A = Spawn XP
 B = Non-spawn XP
 C = Spawn XP percentage of total XP
 D = Spawn monster count
 E = Non-spawn monster count
 F = Spawn count percentage of total count
 G = Total turns spent on level
                    A         B        C        D         E        F      G
               +---------+---------+-------+---------+---------+-------+---------
         Total |       0 |    1243 |   0.0 |       0 |     124 |   0.0 |  5234
               +---------+---------+-------+---------+---------+-------+---------
           D:1 |       0 |      58 |   0.0 |       0 |      28 |   0.0 |  1074
           D:2 |       0 |      44 |   0.0 |       0 |      19 |   0.0 |   838
           D:3 |       0 |     131 |   0.0 |       0 |      36 |   0.0 |  1187
           D:4 |       0 |     421 |   0.0 |       0 |      27 |   0.0 |  1965
           D:5 |       0 |     589 |   0.0 |       0 |      14 |   0.0 |   170
               +---------+---------+-------+---------+---------+-------+---------
